| TOP OF THE 1ST |
|
Cleveland Spiders batting - Pitching for Oakland Athletics : RHP Dan Larson
|
|
Pitching: RHP Dan Larson
|
|
|
Batting: RHB Alan Trammell
|
0-0: Ball 1-0: Ball 2-0: Swinging Strike 2-1: Ball 3-1: Fly out, F6 (Popup, 6MS, EV 72.5 MPH)
|
|
Batting: SHB Bump Wills
|
0-0: Fly out, F9 (Flyball, 9S, EV 86.3 MPH)
|
|
Batting: SHB Salvador Perez
|
0-0: Ball 1-0: Foul Ball, location: 2F 1-1: Ball 2-1: Ball 3-1: Ground out 4-3 (Groundball, 4, EV 87.5 MPH)
|
| Top of the 1st over - 0 runs, 0 hits, 0 errors, 0 left on base; Cleveland 0 - Oakland 0 |
| BOTTOM OF THE 1ST |
|
Oakland Athletics batting - Pitching for Cleveland Spiders : RHP Dirceu Miro
|
|
Pitching: RHP Dirceu Miro
|
|
|
Batting: RHB Scott Fletcher
|
0-0: SINGLE (Groundball, 4MD, EV 95.0 MPH) (infield hit)
|
|
Batting: LHB Ruppert Jones
|
0-0: Ball 1-0: Foul Ball, location: 2F 1-1: SINGLE (Groundball, 4D, EV 110.0 MPH) Scott Fletcher to second Runner from 2nd tries for 3rd, SAFE, throw by CF made to third
|
|
Batting: RHB Dave Henderson
|
0-0: Called Strike 0-1: Ball 1-1: Swinging Strike 1-2: Foul Ball, location: 2F 1-2: Strikes out looking
|
|
Batting: LHB Reggie Jackson
|
0-0: Ball 1-0: Ball 2-0: Called Strike 2-1: Foul Ball, location: 2F 2-2: Ball Ruppert Jones is caught stealing 2nd base 2-6 3-2: Base on Balls
|
|
Batting: RHB George Hendrick
|
0-0: Called Strike 0-1: Ball 1-1: Ground out 4-3 (Groundball, 13, EV 80.6 MPH)
|
| Bottom of the 1st over - 0 runs, 2 hits, 0 errors, 2 left on base; Cleveland 0 - Oakland 0 |
| TOP OF THE 2ND |
|
Cleveland Spiders batting - Pitching for Oakland Athletics : RHP Dan Larson
|
|
Batting: RHB Clayton Elliott
|
0-0: Ball 1-0: Ball 2-0: Foul Ball, location: 2F 2-1: Called Strike 2-2: Ball 3-2: Base on Balls
|
|
Batting: RHB Cressy Pratt
|
0-0: Ball 1-0: Ball 2-0: Ball 3-0: Base on Balls Clayton Elliott to second
|
|
Batting: RHB Tom Brunansky
|
0-0: Called Strike 0-1: Ball 1-1: Swinging Strike 1-2: Fly out, F8 (Flyball, 8RD, EV 89.4 MPH)
|
|
Batting: RHB Kevin Bell
|
0-0: Ball 1-0: Ball 2-0: Swinging Strike 2-1: Foul Ball, location: 2F 2-2: Foul Ball, location: 2F 2-2: Ball 3-2: Fly out, F8 (Flyball, 8LD, EV 91.9 MPH)
|
|
Batting: RHB Lance Parrish
|
0-0: Called Strike 0-1: Foul Ball, location: 2F 0-2: Ball 1-2: Strikes out swinging
|
| Top of the 2nd over - 0 runs, 0 hits, 0 errors, 2 left on base; Cleveland 0 - Oakland 0 |
| BOTTOM OF THE 2ND |
|
Oakland Athletics batting - Pitching for Cleveland Spiders : RHP Dirceu Miro
|
|
Batting: RHB Earl C Williams
|
0-0: Called Strike 0-1: Ground out 6-3 (Groundball, 56, EV 93.1 MPH)
|
|
Batting: LHB Ben Oglivie
|
0-0: Foul Ball, location: 2F 0-1: Called Strike 0-2: Ball 1-2: Fly out, F9 (Flyball, 9LM, EV 82.5 MPH)
|
|
Batting: RHB Barry Evans
|
0-0: Fly out, F7 (Flyball, 7D, EV 98.1 MPH)
|
| Bottom of the 2nd over - 0 runs, 0 hits, 0 errors, 0 left on base; Cleveland 0 - Oakland 0 |
| TOP OF THE 3RD |
|
Cleveland Spiders batting - Pitching for Oakland Athletics : RHP Dan Larson
|
|
Batting: RHB Jesse Barfield
|
0-0: Fly out, F3 (Popup, 23F, EV 91.9 MPH)
|
|
Batting: RHB Alan Trammell
|
0-0: Called Strike 0-1: Ball 1-1: Foul Ball, location: 2F 1-2: Foul Ball, location: 2F 1-2: Ball 2-2: Ground out 6-3 (Groundball, 6, EV 104.4 MPH)
|
|
Batting: SHB Bump Wills
|
0-0: Fly out, F5 (Popup, 5SF, EV 72.5 MPH)
|
| Top of the 3rd over - 0 runs, 0 hits, 0 errors, 0 left on base; Cleveland 0 - Oakland 0 |
| BOTTOM OF THE 3RD |
|
Oakland Athletics batting - Pitching for Cleveland Spiders : RHP Dirceu Miro
|
|
Batting: RHB Fred Andrews
|
0-0: Ball 1-0: Swinging Strike 1-1: Ball 2-1: Foul Ball, location: 2F 2-2: Strikes out swinging
|
|
Batting: RHB Scott Fletcher
|
0-0: Ball 1-0: Foul Ball, location: 2F 1-1: Ball 2-1: SINGLE (Line Drive, 56D, EV 96.3 MPH)
|
|
Batting: LHB Ruppert Jones
|
0-0: Ball 1-0: Ball 2-0: Swinging Strike 2-1: Fly out, F8 (Flyball, 8RS, EV 87.5 MPH)
|
|
Batting: RHB Dave Henderson
|
0-0: Foul Ball, location: 2F 0-1: Called Strike 0-2: Ball 1-2: Ball Scott Fletcher steals 2nd base 2-2: Foul Ball, location: 2F 2-2: Foul Ball, location: 2F 2-2: Foul Ball, location: 2F 2-2: Ball 3-2: Base on Balls
|
|
Batting: LHB Reggie Jackson
|
0-0: Swinging Strike 0-1: Ball 1-1: Called Strike 1-2: Strikes out looking
|
| Bottom of the 3rd over - 0 runs, 1 hit, 0 errors, 2 left on base; Cleveland 0 - Oakland 0 |
| TOP OF THE 4TH |
|
Cleveland Spiders batting - Pitching for Oakland Athletics : RHP Dan Larson
|
|
Batting: SHB Salvador Perez
|
0-0: Ball 1-0: SINGLE (Line Drive, 4D, EV 104.4 MPH)
|
|
Batting: RHB Clayton Elliott
|
0-0: Ball 1-0: Ball 2-0: Called Strike 2-1: Ball 3-1: Swinging Strike 3-2: Base on Balls Salvador Perez to second
|
|
Batting: RHB Cressy Pratt
|
0-0: Ball Salvador Perez steals 3rd base Clayton Elliott to second 1-0: Fly out, F9 (Flyball, 89M, EV 83.8 MPH) Runner from 3rd tags up, SCORES, throw by RF Clayton Elliott to third
|
|
Batting: RHB Tom Brunansky
|
0-0: Ball 1-0: Ground out 2-3 (Groundball, 15S, EV 72.5 MPH)
|
|
Batting: RHB Kevin Bell
|
0-0: Ball 1-0: Ball 2-0: Called Strike 2-1: Foul Ball, location: 2F 2-2: Foul Ball, location: 2F 2-2: Strikes out looking
|
| Top of the 4th over - 1 run, 1 hit, 0 errors, 1 left on base; Cleveland 1 - Oakland 0 |
| BOTTOM OF THE 4TH |
|
Oakland Athletics batting - Pitching for Cleveland Spiders : RHP Dirceu Miro
|
|
Batting: RHB George Hendrick
|
0-0: Ball 1-0: SINGLE (Line Drive, 9S, EV 103.8 MPH)
|
|
Batting: RHB Earl C Williams
|
0-0: Called Strike 0-1: Ball 1-1: Foul Ball, location: 2F 1-2: Strikes out swinging
|
|
Batting: LHB Ben Oglivie
|
0-0: Called Strike 0-1: Ball 1-1: Ball 2-1: Ball 3-1: Base on Balls George Hendrick to second
|
|
Batting: RHB Barry Evans
|
0-0: Ball 1-0: Called Strike 1-1: Foul Ball, location: 2F 1-2: Ball 2-2: Ball 3-2: Fly out, F8 (Line Drive, 8RM, EV 91.9 MPH)
|
|
Batting: RHB Fred Andrews
|
0-0: Ball 1-0: Ball 2-0: Swinging Strike 2-1: Foul Ball, location: 2F 2-2: Strikes out swinging
|
| Bottom of the 4th over - 0 runs, 1 hit, 0 errors, 2 left on base; Cleveland 1 - Oakland 0 |
| TOP OF THE 5TH |
|
Cleveland Spiders batting - Pitching for Oakland Athletics : RHP Dan Larson
|
|
Batting: RHB Lance Parrish
|
0-0: Fly out, F7 (Line Drive, 7, EV 106.9 MPH)
|
|
Batting: RHB Jesse Barfield
|
0-0: SOLO HOME RUN (Flyball, 78XD, EV 102.5 MPH) (Inside the Park)
|
|
Batting: RHB Alan Trammell
|
0-0: Ball 1-0: Ball 2-0: Ball 3-0: Base on Balls
|
|
Batting: SHB Bump Wills
|
0-0: Called Strike 0-1: Ball 1-1: Ball 2-1: Ball 3-1: SINGLE (Popup, 4MD, EV 64.4 MPH) Alan Trammell to second
|
|
Batting: SHB Salvador Perez
|
0-0: Ball 1-0: Fielders Choice at 2nd, 4-6 (Groundball, 34D, EV 80.6 MPH) Alan Trammell to third
|
|
Batting: RHB Clayton Elliott
|
0-0: Ball 1-0: Ball Passed Ball! Alan Trammell scores Salvador Perez to second 2-0: Ground out 6-3 (Groundball, 6, EV 105.0 MPH)
|
| Top of the 5th over - 2 runs, 2 hits, 0 errors, 1 left on base; Cleveland 3 - Oakland 0 |
| BOTTOM OF THE 5TH |
|
Oakland Athletics batting - Pitching for Cleveland Spiders : RHP Dirceu Miro
|
|
Batting: RHB Scott Fletcher
|
0-0: Ball 1-0: Fly out, F9 (Line Drive, 9, EV 90.0 MPH)
|
|
Batting: LHB Ruppert Jones
|
0-0: Ball 1-0: SINGLE (Flyball, 5D, EV 86.3 MPH)
|
|
Batting: RHB Dave Henderson
|
0-0: Ball 1-0: Fly out, F6 (Popup, 6, EV 66.3 MPH)
|
|
Batting: LHB Reggie Jackson
|
0-0: Ball 1-0: SINGLE (Line Drive, 7S, EV 101.9 MPH) Ruppert Jones to second Runner from 2nd tries for 3rd, SAFE, no throw by LF
|
|
Batting: RHB George Hendrick
|
0-0: Swinging Strike 0-1: Swinging Strike 0-2: Ball 1-2: Strikes out looking
|
| Bottom of the 5th over - 0 runs, 2 hits, 0 errors, 2 left on base; Cleveland 3 - Oakland 0 |
| TOP OF THE 6TH |
|
Cleveland Spiders batting - Pitching for Oakland Athletics : RHP Dan Larson
|
|
Batting: RHB Cressy Pratt
|
0-0: Swinging Strike 0-1: Ball 1-1: Swinging Strike 1-2: Fly out, F9 (Flyball, 9, EV 90.0 MPH)
|
|
Batting: RHB Tom Brunansky
|
0-0: SINGLE (Flyball, 5D, EV 93.1 MPH)
|
|
Batting: RHB Kevin Bell
|
0-0: Ball 1-0: Foul Ball, location: 2F 1-1: Ball Tom Brunansky steals 2nd base 2-1: SINGLE (Line Drive, 34D, EV 97.5 MPH) Tom Brunansky to third
|
|
Batting: RHB Lance Parrish
|
0-0: Ball 1-0: Ball 2-0: Ball 3-0: Called Strike 3-1: Foul Ball, location: 2F 3-2: Grounds into double play, 1-4-3 (Groundball, P, EV 66.9 MPH)
|
| Top of the 6th over - 0 runs, 2 hits, 0 errors, 1 left on base; Cleveland 3 - Oakland 0 |
| BOTTOM OF THE 6TH |
|
Oakland Athletics batting - Pitching for Cleveland Spiders : RHP Dirceu Miro
|
|
Batting: RHB Earl C Williams
|
0-0: Foul Ball, location: 2F 0-1: Ball 1-1: Foul Ball, location: 2F 1-2: Foul Ball, location: 2F 1-2: Strikes out looking
|
|
Batting: LHB Ben Oglivie
|
0-0: Fly out, F9 (Flyball, 9LS, EV 85.6 MPH)
|
|
Batting: RHB Barry Evans
|
0-0: Ball 1-0: Foul Ball, location: 2F 1-1: Foul Ball, location: 2F 1-2: Fly out, F8 (Flyball, 8RM, EV 76.3 MPH)
|
| Bottom of the 6th over - 0 runs, 0 hits, 0 errors, 0 left on base; Cleveland 3 - Oakland 0 |
| TOP OF THE 7TH |
|
Cleveland Spiders batting - Pitching for Oakland Athletics : RHP Dan Larson
|
|
Batting: RHB Jesse Barfield
|
0-0: Ball 1-0: Ball 2-0: Called Strike 2-1: Ball 3-1: SINGLE (Flyball, 8LS, EV 95.0 MPH)
|
|
Batting: RHB Alan Trammell
|
0-0: Ball 1-0: Fielders Choice at 2nd, 4-6 (Groundball, 34, EV 91.3 MPH)
|
|
Batting: SHB Bump Wills
|
0-0: Ball 1-0: Swinging Strike 1-1: Called Strike 1-2: Foul Ball, location: 2F 1-2: Ball 2-2: Ball 3-2: Base on Balls Alan Trammell to second
|
|
Batting: SHB Salvador Perez
|
0-0: Foul Ball, location: 2F 0-1: Ball 1-1: Foul Ball, location: 2F 1-2: Ball 2-2: Foul Ball, location: 2F 2-2: Ball 3-2: Base on Balls Alan Trammell to third Bump Wills to second
|
|
Batting: RHB Clayton Elliott
|
0-0: Ball 1-0: Swinging Strike 1-1: Foul Ball, location: 2F 1-2: Fly out, F4 (Popup, 4D, EV 63.8 MPH)
|
|
Batting: RHB Cressy Pratt
|
0-0: Swinging Strike 0-1: Ball 1-1: Foul Ball, location: 2F 1-2: Ball 2-2: Strikes out swinging
|
| Top of the 7th over - 0 runs, 1 hit, 0 errors, 3 left on base; Cleveland 3 - Oakland 0 |
| BOTTOM OF THE 7TH |
|
Oakland Athletics batting - Pitching for Cleveland Spiders : RHP Dirceu Miro
|
|
Batting: RHB Fred Andrews
|
0-0: Fly out, F8 (Flyball, 8LD, EV 106.3 MPH)
|
|
Batting: RHB Scott Fletcher
|
0-0: Called Strike 0-1: Ball 1-1: Foul Ball, location: 2F 1-2: Ground out 6-3 (Groundball, 56, EV 100.6 MPH)
|
|
Batting: LHB Ruppert Jones
|
0-0: Called Strike 0-1: Ball 1-1: Fly out, F9 (Flyball, 9D, EV 81.3 MPH)
|
| Bottom of the 7th over - 0 runs, 0 hits, 0 errors, 0 left on base; Cleveland 3 - Oakland 0 |
| TOP OF THE 8TH |
|
Cleveland Spiders batting - Pitching for Oakland Athletics : RHP Dan Larson
|
|
Batting: RHB Tom Brunansky
|
0-0: Ball 1-0: Foul Ball, location: 2F 1-1: Ball 2-1: Swinging Strike 2-2: Ground out 6-3 (Groundball, 6, EV 81.3 MPH)
|
|
Pitching: LHP Bob Falcon
|
|
|
Batting: RHB Kevin Bell
|
0-0: Ball 1-0: Foul Ball, location: 2F 1-1: SOLO HOME RUN (Flyball, 7D, EV 105.0 MPH), Distance : 380 ft
|
|
Batting: RHB Lance Parrish
|
0-0: Ball 1-0: Ball 2-0: Ball 3-0: Called Strike 3-1: Swinging Strike 3-2: Strikes out swinging
|
|
Batting: RHB Jesse Barfield
|
0-0: Foul Ball, location: 2F 0-1: Called Strike 0-2: Ball 1-2: Ball 2-2: Reached on error, E5 (Groundball, 5L, EV 100.6 MPH)
|
|
Batting: RHB Alan Trammell
|
0-0: Called Strike 0-1: Ball 1-1: Swinging Strike 1-2: Foul Ball, location: 2F 1-2: Fielders Choice at 2nd, 6-4 (Groundball, 6, EV 105.6 MPH)
|
| Top of the 8th over - 1 run, 1 hit, 1 error, 1 left on base; Cleveland 4 - Oakland 0 |
| BOTTOM OF THE 8TH |
|
Oakland Athletics batting - Pitching for Cleveland Spiders : RHP Dirceu Miro
|
|
Batting: RHB Dave Henderson
|
0-0: Ground out 6-3 (Groundball, 6, EV 84.4 MPH)
|
|
Batting: LHB Reggie Jackson
|
0-0: Called Strike 0-1: Foul Ball, location: 2F 0-2: Strikes out looking
|
|
Batting: RHB George Hendrick
|
0-0: Ground out 5-3 (Groundball, 56S, EV 72.5 MPH)
|
| Bottom of the 8th over - 0 runs, 0 hits, 0 errors, 0 left on base; Cleveland 4 - Oakland 0 |
| TOP OF THE 9TH |
|
Cleveland Spiders batting - Pitching for Oakland Athletics : LHP Bob Falcon
|
|
Batting: SHB Bump Wills
|
0-0: Foul Ball, location: 2F 0-1: Ball 1-1: Called Strike 1-2: Foul Ball, location: 2F 1-2: Foul Ball, location: 2F 1-2: Strikes out swinging
|
|
Batting: SHB Salvador Perez
|
0-0: Fly out, F9 (Flyball, 9D, EV 85.0 MPH)
|
|
Batting: RHB Clayton Elliott
|
0-0: Called Strike 0-1: Ball 1-1: Ball 2-1: Swinging Strike 2-2: Strikes out swinging
|
| Top of the 9th over - 0 runs, 0 hits, 0 errors, 0 left on base; Cleveland 4 - Oakland 0 |
| BOTTOM OF THE 9TH |
|
Oakland Athletics batting - Pitching for Cleveland Spiders : RHP Dirceu Miro
|
|
Batting: RHB Earl C Williams
|
0-0: Ball 1-0: Foul Ball, location: 2F 1-1: Fly out, F9 (Flyball, 9LD, EV 100.0 MPH)
|
|
Batting: LHB Ben Oglivie
|
0-0: Ball 1-0: Foul Ball, location: 2F 1-1: Called Strike 1-2: Strikes out swinging
|
|
Batting: RHB Barry Evans
|
0-0: Foul Ball, location: 2F 0-1: Called Strike
|
|
|